 Dungeon Crawl Stone Soup version 0.26-a0-752-gcff87cac9a (webtiles) character file.

Game seed: 4530378476942699700

50526 jiml777 the Eclecticist (level 14, -6/70 HPs)
             Began as a Deep Elf Air Elementalist on Nov 6, 2020.
             Was an Elder of Sif Muna.
             Shot with an arrow by Nessos (9 damage)
             ... on level 6 of the Lair of Beasts.
             The game lasted 03:27:38 (25204 turns).

jiml777 the Eclecticist (DEAE)                     Turns: 25204, Time: 03:27:39

Health: -6/70      AC: 15    Str:  5    XL:     14   Next: 20%
Magic:  23/45      EV: 22    Int: 31    God:    Sif Muna [****..]
Gold:   1078       SH:  4    Dex: 15    Spells: 4/44 levels left

rFire    + . .     SeeInvis .   w - staff of air
rCold    . . .     Faith    .   (no shield)
rNeg     . . .     Spirit   .   R - +2 robe {rF+}
rPois    .         Reflect  .   n - +3 hat of Pondering {ponderous, MR+ MP+10 Int+5}
rElec    +         Harm     .   W - +2 cloak
rCorr    .         Rampage  .   X - +2 pair of gloves
MR       ++...                  (no boots)
Stlth    ++........             (no amulet)
HPRegen  0.21/turn              A - ring of Phasing {EV+8}
MPRegen  0.29/turn              C - ring of wizardry

@: invisible, slow
A: large bone plates 1, slimy green scales 1, electricity resistance
a: Channel Magic, Forget Spell, Divine Exegesis, Renounce Religion


You were on level 6 of the Lair of Beasts.
You worshipped Sif Muna.
Sif Muna was greatly pleased with you.
You visited 3 branches of the dungeon, and saw 18 of its levels.
You also visited: Ice Cave.

You collected 1574 gold pieces.
You spent 496 gold pieces at shops.

Inventory:

Missiles
 u - 59 poisoned darts (quivered)
 I - 30 curare-tipped darts
 U - 7 silver javelins
Armour
 n - the +3 hat of Pondering (worn) {ponderous, MR+ MP+10 Int+5}
   (You took it off Gastronok on level 9 of the Dungeon)

   It affects your intelligence (+5).
   It affects your resistance to hostile enchantments.
   It affects your magic capacity (+10).
 x - a scarf of harm
 L - +1 steam dragon scales
 R - a +2 robe of fire resistance (worn)
 W - a +2 cloak (worn)
 X - a +2 pair of gloves (worn)
Magical Staves
 w - an uncursed staff of air (weapon)
Jewellery
 c - an uncursed ring of protection from cold
 d - an uncursed ring of wizardry
 h - an uncursed ring of positive energy
 z - an uncursed ring of magical power
 A - the ring of Phasing (left hand) {EV+8}
   (You took it off a gnoll sergeant on level 7 of the Dungeon)

   [ring of evasion]

   It affects your evasion (+8).
 C - a ring of wizardry (right hand)
 H - an uncursed ring of see invisible
Wands
 o - a wand of flame (53)
 N - a wand of disintegration (27)
 O - a wand of iceblast (6)
 Q - a wand of paralysis (6)
Scrolls
 f - 2 scrolls of remove curse
 l - 5 scrolls of teleportation
 m - 4 scrolls of fear
 q - 3 scrolls of enchant weapon
 s - 5 scrolls of magic mapping
 G - 5 scrolls of identify
 M - 2 scrolls of brand weapon
 V - a scroll of fog
Potions
 a - 2 potions of haste
 b - 4 potions of curing
 g - 2 potions of resistance
 i - 2 potions of berserk rage
 j - a potion of invisibility
 v - a potion of cancellation
 B - 2 potions of brilliance
 J - 2 potions of might
 T - a potion of ambrosia


   Skills:
 - Level 1.2 Fighting
 - Level 3.6 Dodging
 - Level 3.0 Stealth
 + Level 15.8 Spellcasting
 * Level 8.7 Conjurations
 * Level 11.3 Hexes
 * Level 7.1 Translocations
 * Level 6.5 Fire Magic
 * Level 9.3 Ice Magic
 + Level 11.7 Air Magic
 * Level 4.2 Invocations
 - Level 6.1 Evocations


You had 4 spell levels left.
You knew the following spells:

 Your Spells              Type           Power        Failure   Level
a - Shock                 Conj/Air       ####         1%          1
b - Swiftness             Air            #######.     0%          2
c - Static Discharge      Conj/Air       #######.     1%          3
d - Airstrike             Air            #######...   1%          4
e - Ensorcelled Hibernat  Hex/Ice        ######       1%          2
f - Lightning Bolt        Conj/Air       #######...   1%          5
g - Fireball              Conj/Fire      ######....   1%          5
h - Apportation           Tloc           ######       1%          1
i - Inner Flame           Hex/Fire       ######..     1%          3
j - Passwall              Tmut/Erth      ###.....     1%          2
k - Conjure Ball Lightni  Conj/Air       #######...   1%          6
l - Invisibility          Hex            #######.     1%          6

Your spell library contained the following spells:

 Spells                   Type           Power        Failure   Level
 Corona                   Hex            #######      0%          1
 Animate Skeleton         Necr           ###...       1%          1
 Foxfire                  Conj/Fire      ####         1%          1
 Freeze                   Ice            ####         1%          1
 Magic Dart               Conj           ####         1%          1
 Sandblast                Erth           ###...       1%          1
 Sting                    Tmut/Pois      ###.         1%          1
 Summon Small Mammal      Summ           ###.         1%          1
 Poisonous Vapours        Pois/Air       ######       1%          2
 Confusing Touch          Hex            #######.     1%          3
 Conjure Flame            Conj/Fire      ######..     1%          3
 Dazzling Flash           Conj/Hex       ######       1%          3
 Ignite Poison            Fire/Tmut/Pois #####...     1%          3
 Lesser Beckoning         Tloc           ######....   1%          3
 Mephitic Cloud           Conj/Pois/Air  #######.     1%          3
 Stone Arrow              Conj/Erth      ######       1%          3
 Tukima's Dance           Hex            #######.     1%          3
 Ice Form                 Ice/Tmut       ######..     1%          4
 Sticky Flame             Conj/Fire      ######..     1%          4
 Olgreb's Toxic Radiance  Pois           ###.....     8%          4
 Petrify                  Tmut/Erth      ###.....     8%          4
 Iskenderun's Battlesphe  Conj           ######..     1%          5
 Metabolic Englaciation   Hex/Ice        ######....   1%          5
 Silence                  Hex/Air        #######...   1%          5
 Freezing Cloud           Conj/Ice/Air   #######...   1%          6
 Ozocubu's Refrigeration  Ice            ######....   2%          6
 Irradiate                Conj/Tmut      ######....   3%          5
 Summon Forest            Summ/Tloc      #####.....   4%          5
 Simulacrum               Ice/Necr       ######....   16%         6
 Orb of Destruction       Conj           ######....   16%         7
 Alistair's Intoxication  Tmut/Pois      ###......    21%         5
 Borgnjor's Vile Clutch   Necr/Erth      ###.......   21%         5
 Lee's Rapid Deconstruct  Erth           ###.......   21%         5
 Hydra Form               Tmut           ###.......   69%         6
 Shadow Creatures         Summ           N/A          69%         6
 Statue Form              Tmut/Erth      ###......    69%         6
 Malign Gateway           Summ/Tloc      #####.....   77%         7
 Dragon Form              Tmut           ###.......   99%         7


Dungeon Overview and Level Annotations

Branches:
Dungeon (11/15)            Temple (1/1) D:5            Lair (6/6) D:8
  Swamp (0/4) Lair:3       Shoals (0/4) Lair:2        Slime (0/5) Lair:5
    Orc (0/2) D:11          IceCv (visited)
  Snake: Lair:2-4    Spider: Lair:2-4

Altars:
Ashenzari
Cheibriados
Dithmenos
Elyvilon
Fedhas
Gozag
Hepliaklqana
Kikubaaqudgha
Makhleb
Nemelex Xobeh
Okawaru
Qazlal
Ru
Sif Muna
Trog
Uskayaw
Vehumet
Wu Jian
Xom
Yredelemnul
Zin
The Shining One
Jiyva

Shops:
D:5 *=

Portals:
Abyss: D:7

Annotations:
Lair:6 Nessos


Innate Abilities, Weirdness & Mutations

You are partially covered in large bone plates. (SH +4)
You are partially covered in slimy green scales. (AC +2)
You are resistant to electric shocks. (rElec)


Message History

Nessos shouts! 3 ball lightnings come into view.
Your ball lightning explodes!
The blast of lightning engulfs you! You resist.
* * * LOW HITPOINT WARNING * * *
The blast of lightning engulfs your ball lightning.
Your ball lightning completely resists.
The blast of lightning engulfs Nessos!!
Nessos is moderately wounded.
Your ball lightning explodes!
The blast of lightning engulfs you! You resist.
* * * LOW HITPOINT WARNING * * *
The blast of lightning engulfs Nessos!!
Nessos is heavily wounded.
The blast of lightning engulfs the fungus!!
The fungus is moderately damaged.
Okay, then.
You fade into invisibility!
Nessos shoots an arrow.
The arrow hits you!
You die...

##..P.............PP..........P.#
##...#P.....P...P.P..........P.P#
.#.#.........#.............P..###
.....##....................##.#.
..#.##............÷....c.#.....##
..#.#.............#.......#.....#
###..............###.......P...#
....#............###......P...#
................@.c#.........#
..............#...#.P..#.P..÷####
.#....................##....#...#
......###................(.#.....
.P..#.##..?..............P#.(...c
...##.#...............#.#####(.(#
..#####...#........#.#### ####(
..# #...........#### ##
.P######........###


You could see Nessos.

Vanquished Creatures
  Gastronok (D:9)
  A frost giant (IceCv)
  Erolcha (D:11)
  Harold (D:7)
  A boulder beetle (D:11)
  5 hydras
  A two-headed ogre (D:10)
  Sonja (D:11)
  Urug (Lair:1)
  3 unseen horrors
  3 bog bodies (Lair:3)
  Pikel (D:5)
  A cyclops (D:11)
  2 manticores
  2 ugly things
  4 elephants (Lair:5)
  2 black mambas
  A toenail golem (D:7)
  An ice statue (IceCv)
  13 cane toads
  Psyche (D:11)
  4 rime drakes
  7 komodo dragons
  The ghost of jasper the Digger, a novice KoEE (D:7)
  25 polar bears
  Prince Ribbit (D:5)
  11 dream sheep (Lair:6)
  8 blink frogs
  31 yaks
  Eustachio (D:5)
  4 basilisks
  5 wyverns
  2 steam dragons
  Menkaure (D:4)
  2 swamp worms (Lair:3)
  A warg (Lair:6)
  Edmund (D:5)
  A soldier ant (D:11)
  5 hell hounds (Lair:6)
  Duvessa (D:4)
  11 water moccasins
  7 black bears
  3 sky beasts
  3 ice beasts
  3 orc warriors (D:11)
  A necrophage (D:11)
  3 phantoms
  4 centaurs
  21 wolves
  4 ogres
  A big kobold (D:8)
  3 lemures (D:5)
  4 small abominations (D:7)
  A gnoll sergeant (D:7)
  11 bullfrogs
  3 scorpions
  Dowan (D:4)
  13 killer bees
  3 wights (D:7)
  6 electric eels
  2 centaur zombies
  2 hounds
  2 quasits
  A bullfrog zombie (D:10)
  2 jellies
  10 orc wizards
  3 orc priests (D:10)
  3 iguanas
  3 worker ants
  6 hell rats (Lair:3)
  A hound zombie (D:8)
  A mummy (D:9)
  3 worker ant zombies
  Robin (D:4)
  A howler monkey skeleton (D:9)
  12 adders
  15 river rats (Lair:3)
  2 shadow imps
  4 white imps
  2 ufetubi (D:10)
  An adder skeleton (D:6)
  2 dart slugs
  4 leopard geckos
  33 orcs
  2 ball pythons
  8 bats
  8 giant cockroaches
  22 goblins
  2 hobgoblins
  4 jackals (D:8)
  11 quokkas
  4 frilled lizards
  9 kobolds
  A quokka skeleton (D:5)
  15 rats
467 creatures vanquished.

Vanquished Creatures (others)
  2 ball lightnings (Lair:6)
  26 fungi
  45 plants
  7 toadstools (D:1)
80 creatures vanquished.

Grand Total: 547 creatures vanquished

Notes
Turn   | Place    | Note
-------+----------+-------------------------------------------
     0 | D:1      | jiml777 the Deep Elf Air Elementalist began the quest for
                  | the Orb.
     0 | D:1      | Reached XP level 1. HP: 10/10 MP: 6/6
   302 | D:1      | Reached XP level 2. HP: 15/15 MP: 6/8
  1220 | D:2      | Reached XP level 3. HP: 19/19 MP: 4/9
  2268 | D:3      | Found a stormy altar of Qazlal.
  2293 | D:3      | Noticed an ice beast
  2362 | D:3      | Reached skill level 4 in Spellcasting
  2503 | D:3      | Killed an ice beast
  2503 | D:3      | Reached XP level 4. HP: 24/24 MP: 0/12
  2503 | D:3      | Reached XP level 5. HP: 28/28 MP: 0/14
  2606 | D:3      | Learned a level 2 spell: Swiftness
  2610 | D:3      | Learned a level 3 spell: Static Discharge
  2615 | D:3      | Learned a level 4 spell: Airstrike
  2838 | D:3      | Reached skill level 5 in Spellcasting
  3507 | D:4      | Noticed Menkaure
  3521 | D:4      | Killed Menkaure
  3521 | D:4      | Reached skill level 1 in Fighting
  3521 | D:4      | Reached XP level 6. HP: 21/34 MP: 8/16
  3673 | D:4      | Found a shadowy altar of Dithmenos.
  3675 | D:4      | Found a sparkling altar of Nemelex Xobeh.
  3834 | D:4      | Learned a level 2 spell: Ensorcelled Hibernation
  3847 | D:4      | Noticed Robin
  3998 | D:4      | Found a broken altar of Ashenzari.
  4139 | D:4      | Reached skill level 1 in Hexes
  4186 | D:4      | Noticed Dowan
  4188 | D:4      | Killed Dowan
  4188 | D:4      | Reached skill level 6 in Spellcasting
  4188 | D:4      | Reached skill level 1 in Ice Magic
  4188 | D:4      | Reached XP level 7. HP: 38/38 MP: 8/18
  4200 | D:4      | Noticed Duvessa
  4210 | D:4      | Killed Duvessa
  4210 | D:4      | Reached skill level 5 in Air Magic
  4210 | D:4      | Reached skill level 1 in Evocations
  4483 | D:5      | Entered Level 5 of the Dungeon
  4882 | D:5      | Noticed Pikel
  4889 | D:5      | Killed Pikel
  4889 | D:5      | Reached skill level 7 in Spellcasting
  4889 | D:5      | Reached XP level 8. HP: 42/43 MP: 0/20
  5090 | D:5      | Noticed Edmund
  5100 | D:5      | Killed Edmund
  5204 | D:5      | Found a bloodstained altar of Trog.
  5368 | D:5      | Noticed Eustachio
  5385 | D:5      | Killed Eustachio
  5583 | D:5      | Reached skill level 8 in Spellcasting
  5819 | D:5      | Found a staircase to the Ecumenical Temple.
  5824 | D:5      | Noticed Prince Ribbit
  5826 | Temple   | Entered the Ecumenical Temple
  6083 | D:5      | Killed Prince Ribbit
  6389 | D:5      | Found Wuor's Assorted Antiques.
  6392 | D:5      | Bought a glowing scarf for 256 gold pieces
  6802 | D:5      | Found Xuatovy's Jewellery Boutique.
  7030 | D:6      | Reached XP level 9. HP: 47/47 MP: 18/23
  7119 | D:6      | Reached skill level 9 in Spellcasting
  7594 | D:6      | Learned a level 5 spell: Lightning Bolt
  7615 | D:6      | Found an ancient bone altar of Kikubaaqudgha.
  8172 | D:7      | Got a translucent whip
  8172 | D:7      | Identified the +9 whip of Contradiction {elec, MR+} (You
                  | found it on level 7 of the Dungeon)
  8379 | D:7      | Found a hide-covered altar of Uskayaw.
  8389 | D:7      | You fall into a shaft and drop 3 floors!
  8389 | D:10     | Entered Level 10 of the Dungeon
  8400 | D:10     | Reached skill level 5 in Hexes
  8418 | D:10     | Reached skill level 10 in Spellcasting
  8642 | D:9      | Noticed Gastronok
  8678 | D:9      | Killed Gastronok
  8678 | D:9      | Reached skill level 11 in Spellcasting
  8678 | D:9      | Reached skill level 5 in Ice Magic
  8678 | D:9      | Reached skill level 5 in Evocations
  8678 | D:9      | Reached XP level 10. HP: 51/52 MP: 5/27
  9333 | D:8      | Found a staircase to the Lair.
  9374 | D:8      | Noticed a purple ugly thing
  9375 | D:8      | Noticed a manticore
  9384 | D:8      | Killed a purple ugly thing
  9388 | D:8      | Killed a manticore
  9765 | D:8      | Killed an unseen horror
  9765 | D:8      | Reached skill level 12 in Spellcasting
  9866 | D:8      | Killed an unseen horror
 10110 | D:8      | Found the +10 Black Knight's barding {ponderous, rPois rN+}
 10127 | D:8      | Learned a level 5 spell: Fireball
 10152 | D:8      | Reached XP level 11. HP: 56/56 MP: 29/29
 10528 | D:7      | Found a transporter.
 10564 | D:7      | Found a one-way gate to the infinite horrors of the Abyss.
 10564 | D:7      | Noticed jasper's ghost (novice KoEE)
 10582 | D:7      | Noticed a green ugly thing
 10613 | D:7      | Found a transporter.
 10613 | D:7      | Identified the +10 spear "Arcanum" {distort, rN+}
 10617 | D:7      | Learned a level 1 spell: Apportation
 10663 | D:7      | Found a shimmering blue altar of Sif Muna.
 10672 | D:7      | Became a worshipper of Sif Muna the Loreminder
 10683 | D:7      | Noticed Harold
 10698 | D:7      | Killed Harold
 10698 | D:7      | Reached skill level 1 in Fire Magic
 11106 | D:5      | Bought an uncursed ring of magical power for 240 gold
                  | pieces
 11258 | D:7      | Killed a green ugly thing
 11258 | D:7      | Reached skill level 1 in Translocations
 11262 | D:7      | Killed jasper's ghost
 11473 | D:7      | Reached skill level 5 in Conjurations
 11801 | D:4      | Killed Robin
 11920 | D:8      | Learned a level 3 spell: Inner Flame
 11923 | D:8      | Learned a level 2 spell: Passwall
 12543 | D:9      | Found a snail-covered altar of Cheibriados.
 12706 | D:9      | Reached * piety under Sif Muna
 12827 | D:10     | Noticed a two-headed ogre
 12831 | D:10     | Killed a two-headed ogre
 12883 | D:10     | Reached skill level 13 in Spellcasting
 13785 | D:11     | Found a frozen archway.
 13918 | IceCv    | Entered an ice cave
 13934 | IceCv    | Reached ** piety under Sif Muna
 14521 | IceCv    | Reached XP level 12. HP: 53/61 MP: 9/31
 14521 | IceCv    | Reached skill level 10 in Air Magic
 15619 | IceCv    | Reached skill level 14 in Spellcasting
 15961 | IceCv    | Identified the +10 scimitar "Eleepi Nefo" {freeze, Dex+3}
 15961 | IceCv    | Noticed a frost giant
 15967 | IceCv    | Killed a frost giant
 15967 | IceCv    | Reached *** piety under Sif Muna
 16068 | IceCv    | Identified the Almanac of Ice and Orientation
 16080 | IceCv    | Learned a level 6 spell: Freezing Cloud
 16343 | D:11     | Noticed Psyche
 16345 | D:11     | Killed Psyche
 16542 | D:11     | Noticed Erolcha
 16554 | D:11     | Killed Erolcha
 16556 | D:11     | Reached skill level 10 in Hexes
 16556 | D:11     | Reached skill level 5 in Translocations
 16694 | D:11     | Noticed a boulder beetle
 16719 | D:11     | Noticed Sonja
 16721 | D:11     | Killed Sonja
 16753 | D:11     | Reached skill level 5 in Fire Magic
 17256 | D:11     | Found a staircase to the Orcish Mines.
 17307 | D:11     | Killed a boulder beetle
 17307 | D:11     | Reached XP level 13. HP: 47/65 MP: 5/33
 17661 | Lair:1   | Entered Level 1 of the Lair of Beasts
 17746 | Lair:1   | Learned a level 6 spell: Invisibility
 17780 | Lair:1   | Noticed Urug
 17784 | Lair:1   | Killed Urug
 17784 | Lair:1   | Reached skill level 1 in Invocations
 18214 | Lair:1   | Reached **** piety under Sif Muna
 19372 | Lair:2   | Found a staircase to the Shoals.
 19775 | Lair:3   | Reached skill level 15 in Spellcasting
 20080 | Lair:3   | Gained mutation: You do not regenerate when monsters are
                  | visible. [potion of mutation]
 20080 | Lair:3   | Gained mutation: You are partially covered in slimy green
                  | scales. (AC +2) [potion of mutation]
 20080 | Lair:3   | Gained mutation: You possess an exceptional clarity of
                  | mind. [potion of mutation]
 20081 | Lair:3   | Lost mutation: You do not regenerate when monsters are
                  | visible. [potion of mutation]
 20081 | Lair:3   | Lost mutation: You possess an exceptional clarity of mind.
                  | [potion of mutation]
 20081 | Lair:3   | Gained mutation: You are resistant to electric shocks.
                  | (rElec) [potion of mutation]
 20081 | Lair:3   | Gained mutation: You are partially covered in large bone
                  | plates. (SH +4) [potion of mutation]
 20313 | Lair:3   | Got a bloodstained ring mail
 20323 | Lair:3   | Identified the +2 ring mail of Astufiwk {rElec} (You found
                  | it on level 3 of the Lair of Beasts)
 20802 | Lair:3   | Reached ***** piety under Sif Muna
 20802 | Lair:3   | Identified Sif Muna's Grimoire of Arcane Weapons and Cold
                  | (Sif Muna gifted it to you on level 3 of the Lair of
                  | Beasts)
 20802 | Lair:3   | Received a gift from Sif Muna
 20814 | Lair:3   | Learned a level 6 spell: Conjure Ball Lightning
 20930 | Lair:3   | Found a staircase to the Swamp.
 23225 | Lair:5   | Found a staircase to the Slime Pits.
 23225 | Lair:5   | Found a viscous altar of Jiyva.
 23793 | Lair:6   | Entered Level 6 of the Lair of Beasts
 23846 | Lair:6   | Reached XP level 14. HP: 54/70 MP: 8/35
 25126 | Lair:6   | Noticed Nessos
 25203 | Lair:6   | HP: 3/70 [ball lightning[the player character] (11)]
 25204 | Lair:6   | Shot with an arrow by Nessos

Illustrated notes

Levels and vault maps discovered:
D:1:      nagdon_arrival_double_spiral, layout_loops_ring, moated_statue
D:2:      layout_loops_corners
D:3:      layout_basic, nicolae_qazlal_general_emergency
D:4:      layout_basic, nicolae_overflow_hidden_temple,
          nicolae_overflow_crystal_walls, uniq_robin, uniq_duvessa,
          uniq_menkaure
D:5:      kennysheep_spiral_hall, layout_basic, lemuel_doored_altar,
          serial_shops, kennysheep_mini_moat, shop, uniq_prince_ribbit1,
          uniq_edmund, uniq_pikel, uniq_eustachio
D:6:      minmay_chambers_of_fours, layout_basic, lemuel_round_altar
D:7:      layout_rooms, lemuel_crystal_altar, lemuel_crystal_altar,
          gammafunk_ghost_abyssal_escape, uniq_harold
D:8:      minmay_cut_squares, layout_loops_ring
D:9:      layout_loops_ring, chei_slow_surprise, uniq_gastronok
D:10:     layout_loops_ring
D:11:     layout_gridville, orc_david_3, portal_ice_cave_rime, uniq_psyche,
          uniq_sonja, uniq_erolcha
Temple:   dpeg_chambers_temple
Lair:1:   layout_roguey, hibernation_bobbens, lemuel_fruit_fields,
          infiniplex_staircase_pool, uniq_urug
Lair:2:   layout_chaotic_city, elwin_shoals_entry_rooms, wad_woods_road_03,
          minivault_11
Lair:3:   lemuel_ratsnest, layout_regular_city,
          nicolae_swamp_entry_splash_gauntlet, guppyfry_lair_drakes
Lair:4:   layout_big_grid
Lair:5:   layout_gridlike, slime_altar_1
Lair:6:   hangedman_lair_caniforms_friends, layout_misc_corridors, st_stairs_13,
          serial_bayou_shore_b, uniq_nessos

Skill      XL: |  1  2  3  4  5  6  7  8  9 10 11 12 13 14 |
---------------+-------------------------------------------+-----
Conjurations   | 2 3 4 5 7 8 |  8.7
Spellcasting   | 4 5 6 7 8 11 12 13 14 15 | 15.8
Air Magic      | 4 5 6 8 9 10 11 | 11.7
Fighting       | 1 |  1.2
Stealth        | 3 |  3.0
Dodging        | 3 |  3.6
Hexes          | 1 3 4 6 7 9 10 11 | 11.3
Ice Magic      | 1 2 3 5 6 7 8 9 |  9.3
Evocations     | 2 3 5 6 |  6.1
Fire Magic     | 3 5 6 |  6.5
Translocations | 3 5 6 7 |  7.1
Invocations    | 3 4 |  4.2

Action                   |  1- 3 |  4- 6 |  7- 9 | 10-12 | 13-15 || total
-------------------------+-------+-------+-------+-------+-------++-------
Melee: Staff             |     5 |       |       |     3 |    10 ||    18
Throw: Dart              |       |       |       |       |     1 ||     1
 Cast: Shock             |    85 |    50 |    46 |    56 |    18 ||   255
       Airstrike         |       |     5 |    83 |   221 |   131 ||   440
       Lightning Bolt    |       |       |       |    81 |    99 ||   180
       Static Discharge  |       |       |       |     2 |       ||     2
       Swiftness         |       |       |       |     2 |     2 ||     4
       Fireball          |       |       |       |       |     3 ||     3
       Invisibility      |       |       |       |       |     2 ||     2
       Conjure Ball Ligh |       |       |       |       |     1 ||     1
Invok: Channel Magic     |       |       |       |       |     2 ||     2
       Forget Spell      |       |       |       |       |     1 ||     1
Evoke: Wand              |       |       |       |     1 |       ||     1
  Use: Scroll            |     5 |     9 |     5 |     7 |     8 ||    34
       Potion            |     5 |       |    10 |     7 |     4 ||    26
Armor: Robe              |    10 |     3 |    31 |    26 |     9 ||    79
       Skin              |     9 |       |       |       |       ||     9
Dodge: Dodged            |    31 |     5 |    49 |   113 |    34 ||   232
Block: Other             |       |       |       |       |     8 ||     8

Table legend: (Time is in decaauts)
 A = Elapsed time spent in this place.
 B = Non-inter-level travel time spent in this place.
 C = Inter-level travel time spent in this place.
 D = Time resting spent in this place.
 E = Time spent auto-exploring this place.
 F = Levels seen in this place.
 G = Mean time per level.
                   A        B        C        D        E       F      G
               +--------+--------+--------+--------+--------+-----+--------+
         Total |  25968 |  24995 |    973 |  10469 |   7314 |  19 | 1366.7 |
       Dungeon |  15448 |  14670 |    778 |   5918 |   4282 |  11 | 1404.4 |
        Temple |    277 |    269 |      8 |      0 |    229 |   1 |  277.0 |
          Lair |   7792 |   7606 |    186 |   2986 |   2590 |   6 | 1298.7 |
      Ice Cave |   2450 |   2450 |      0 |   1565 |    212 |   1 | 2450.0 |
               +--------+--------+--------+--------+--------+-----+--------+

Top non-repeatable levels by time:
     D:5: 2524 daAuts
   IceCv: 2450 daAuts
  Lair:3: 2276 daAuts
     D:8: 1759 daAuts
     D:7: 1617 daAuts
    D:11: 1501 daAuts
  Lair:6: 1446 daAuts
     D:3: 1413 daAuts
  Lair:2: 1299 daAuts
     D:9: 1214 daAuts
     D:6: 1193 daAuts
    D:10: 1136 daAuts
     D:2: 1120 daAuts
     D:4: 1005 daAuts
  Lair:1: 1002 daAuts
